Unix NetHack Version 5.0.0-0 post-release - last build May 22 2026 02:22:16 (99d1c3b6dc4b13757aaa5824b55bdea4e1e63757,branch:main).

Game began 2026-05-23 01:59:01, ended 2026-05-23 02:20:14.

DaveT, lawful male human Priest

                                        -------
                                       --.....|
                                     #--......|
                                     |........---
                                     |..........|      ----
                               #-----#---.......------ .|.------------- --
                               |......*..................................|
                      ---##---##-...>.#------......-.......------------ --
                  |.....n.qGGq@)%%.^...|    |.......-......---
                  --- ----##----------.| ----.%..%)).........|
                                      ----........)*.........|
                                        |.......<..........---
                                        --.................-
                                         ---...---..........-
                                           -...| |.............
                                           ...-- |..---.............
                                         |....`  ----   ...............`
                                         --...          ........|...---
                                          --.--         --.--..--- .|
                                           --             -- ---   --
DaveT the Adept              St:15 Dx:9 Co:15 In:9 Wi:18 Ch:10  Lawful
Dlvl:6  $:63 HP:0(51) Pw:89(89) AC:-2 Xp:7 T:2929  Burdened Deaf

Latest messages:
 You can see again.
 The newt misses!
 You kill the newt!
 You destroy the dwarf zombie!
 You see here a dwarf corpse.
 The dwarf zombie hits!
 The dwarf zombie hits!
 You kill the coyote!
 You attack thin air.
 You hit the dwarf zombie!
 The dwarf zombie hits!
 The dwarf zombie misses!
 You destroy the dwarf zombie!
 The gnome shoots 2 crossbow bolts!
 The 1st crossbow bolt misses the rothe.
 You are almost hit by the 1st crossbow bolt.
 The 2nd crossbow bolt hits the rothe.
 You hit the rothe!
 The rothe hits!
 The rothe bites!
 The rothe bites again!
 You hit the rothe.
 The rothe hits!
 The rothe bites!
 The rothe bites again!
 The gnome shoots 2 crossbow bolts!
 The 1st crossbow bolt misses the rothe.
 The 1st crossbow bolt misses you.
 The 2nd crossbow bolt misses the rothe.
 The 2nd crossbow bolt misses you.
 You kill the rothe!
 The gnome shoots 2 crossbow bolts!
 The 1st crossbow bolt misses you.
 The 2nd crossbow bolt misses you.
 You see here a rothe corpse.
 You miss the rothe.
 The rothe hits!
 The rothe misses!
 The rothe misses!
 You hit the rothe!
 The rothe misses!
 The rothe bites!
 The rothe bites again!
 You miss the rothe.
 The rothe misses!
 The rothe misses!
 The rothe bites!
 You die...
 Do you want your possessions identified? [ynq] (y) y
 Do you want to see your attributes? [ynq] (y) q

Inventory:
 Coins    ('$')
  $ - 63 gold pieces
 Weapons  (')')
  I - 9 blessed +1 arrows
  q - a +0 arrow
  p - 11 +1 darts
  G - 3 +0 daggers
  g - a +0 aklys
  h - the +1 Demonbane
  a - a blessed +1 mace (weapon in right hand)
 Armor    ('[')
  c - a +0 small shield (being worn)
  U - a +0 mummy wrapping
  b - a +0 robe (being worn)
  k - a +2 plate mail (being worn)
  K - a blessed +0 studded leather armor
 Comestibles  ('%')
  n - 2 slime molds
  m - a carrot
  e - a clove of garlic
  S - 2 food rations
  f - a sprig of wolfsbane
  i - a lizard corpse
 Scrolls  ('?')
  Q - a scroll of blank paper
  X - a scroll of gold detection
  T - a cursed scroll of taming
 Potions  ('!')
  V - a potion of extra healing
  l - a potion of healing
  N - a cursed potion of healing
  d - 3 potions of holy water
 Wands    ('/')
  z - a wand of create monster (0:10)
 Tools    ('(')
  j - a credit card
  R - a +0 pick-axe
  o - a skeleton key
  J - a stethoscope
  W - 2 tallow candles
 Gems/Stones  ('*')
  P - a flint stone

DaveT the Priest's attributes:

Background:
 You were an Adept, a level 7 human Priest.
 You were lawful, on a mission for Lugh
 who was opposed by Brigit (neutral) and Manannan Mac Lir (chaotic).
 You were right-handed.
 You were in the Gnomish Mines, on level 6.
 You entered the dungeon 2929 turns ago.
 It was nighttime.
 You had 977 experience points, 303 more were needed to attain level 8.

Basics:
 You had 0 out of 51 hit points.
 You had all 89 energy points (spell power).
 Your armor class was -2.
 Your wallet contained 63 zorkmids.
 Autopickup was off.

Final Characteristics:
 Your strength was 15 (limit:18/100).
 Your dexterity was 9 (peak:13, limit:18).
 Your constitution was 15 (limit:18).
 Your intelligence was 9 (limit:18).
 Your wisdom was 18 (limit:18).
 Your charisma was 10 (limit:18).

Final Status:
 You were deaf.
 You weren't hungry.
 You were burdened; movement was slightly slowed.
 You were wielding a mace.
 You had expert skill with mace.

Final Attributes:
 You were piously aligned.
 You were guarded.
 Your spell casting was impaired by metallic armor, mitigated by your robe.
 You are dead.

Miscellaneous:
 You didn't encounter any bones levels.
 Total elapsed playing time was 21 minutes and 13 seconds.

Major events:
 Turn
    1: DaveT the lawful human Priest entered the dungeon
 1042: attained the rank of Acolyte (level 3)
 1160: entered the Gnomish Mines
 1919: attained the rank of Adept (level 6)
 2210: reached Mine Town
 2303: was bestowed with Demonbane by Lugh
 2929: killed by a rothe

Spells:
 Name                 Level Category     Fail Retention
 light                  1   clerical      31%   81%-90%
 detect monsters        1   divination    31%  76%-100%
 healing                1   healing       13%  76%-100%
 cure blindness         2   healing       72%  76%-100%

Skills:
 Fighting Skills
   bare handed combat [Unskilled]
 Weapon Skills
   club               [Unskilled]
   mace               [Expert]
   morning star       [Unskilled]
   flail              [Unskilled]
   hammer             [Unskilled]
   quarterstaff       [Unskilled]
   polearms           [Unskilled]
   spear              [Unskilled]
   trident            [Unskilled]
   lance              [Unskilled]
   bow                [Unskilled]
   sling              [Unskilled]
   crossbow           [Unskilled]
   dart               [Unskilled]
   shuriken           [Unskilled]
   boomerang          [Unskilled]
   unicorn horn       [Unskilled]
 Spellcasting Skills
   healing spells     [Unskilled]
   divination spells  [Unskilled]
   clerical spells    [Basic]

Voluntary challenges:
 Character rerolling was not enabled.
 You never genocided any monsters.
 You never polymorphed an object.
 You never changed form.
 You used no wishes.
Achievements:
 You entered a shop.
 You attained the rank of Acolyte.
 You entered the Gnomish Mines.
 You attained the rank of Adept.
 You entered Minetown.
 You entered a temple.

 The Dungeons of Doom: levels 1 to 4
    Level 1:
       Some fountains.
    Level 2:
       A scroll shop.
    Level 3: "vault"
       Stairs down to The Gnomish Mines.
    Level 4:
 The Gnomish Mines: levels 4 to 11
    Level 4:
    Level 5:
    Level 6: <- You were here.
       Final resting place for
          you, killed by a rothe.
    Level 7:
       Many shops, a temple and an altar to Lugh, some fountains.
    Level 8:
    Level 9:
    Level 10:
    Level 11:


Vanquished creatures:
  a giant beetle
  a panther
  2 gnome rulers
  a lizard
 an imp
 an orc shaman
  a rock mole
  6 gnome leaders
  4 gnomish wizards
  a kobold mummy
  4 elf zombies
  a paper golem
  a little dog
  2 dwarves
  3 rothes
  4 orc zombies
  3 dwarf zombies
  2 iguanas
 an acid blob
  a coyote
  2 hobbits
  2 hobgoblins
  2 giant rats
 43 gnomes
  2 gnome zombies
  3 geckos
  2 jackals
  a fox
  2 kobolds
  a goblin
  3 sewer rats
  3 grid bugs
  3 bats
  a lichen
  6 newts
117 creatures vanquished.

No species were genocided or became extinct.

Game over:
                       ----------
                      /          \
                     /    REST    \
                    /      IN      \
                   /     PEACE      \
                  /                  \
                  |      DaveT       |
                  |      63 Au       |
                  |   killed by a    |
                  |      rothe       |
                  |                  |
                  |                  |
                  |       2026       |
                 *|     *  *  *      | *
        _________)/\\_//(\/(/\)/\//\/|_)_______

Goodbye DaveT the Priest...

You died in The Gnomish Mines on dungeon level 6 with 4515 points,
and 63 pieces of gold, after 2929 moves.
You were level 7 with a maximum of 51 hit points when you died.

